AoeStats
← PiscoCAPEL777

Oasis

508991322Analyzed
2v2 RM · 7d ago on Sep 25, 2026· 60m 33s· 4 players
Game mode
Random Map
Map size
Medium (4 player)
Population
200
Speed
Normal
Resources
Standard
Victory
Conquest
Starting age
Dark Age
Ending age
Imperial Age
RankedLock teamsTeams togetherTeam positionsShared explorationLock speedFull tech treeHidden civsTurbo modeCheats
Victory
Defeat
🇺🇾 Spanish · Uruguay
935
+18
🇺🇾 Varangians · Uruguay
934
+17
🇨🇱 Italians · Chile
973
-18
🇨🇱 Burgundians · Chile
966
-17
Guillito P
2:21 Loom
3:53 Loom
7:31 Loom
10:05 Feudal Age
10:34 Double-Bit Axe
10:32 Horse Collar
12:57 Bloodlines
14:07 Wheelbarrow
17:39 Scale Barding Armor
18:21 Town Watch
21:09 Castle Age
19:24 Forging
22:12 Chain Barding Armor
26:32 Gold Mining
26:55 Bow Saw
28:34 Fletching
29:38 Heavy Plow
29:57 Bodkin Arrow
30:03 Padded Archer Armor
32:19 Husbandry
33:31 Leather Archer Armor
35:24 Town Patrol
35:27 Stone Mining
38:49 Imperial Age
39:15 Ballistics
39:07 Cranequins
39:51 Bracer
40:21 Ring Archer Armor
42:12 Hand Cart
43:55 Chemistry
44:54 Heavy Mounted Crossbowman
46:22 Ring Archer Armor
56:30 Crop Rotation
57:03 Two-Man Saw
radescanicolas7
10:46 Feudal Age
12:36 Double-Bit Axe
14:24 Bloodlines
14:29 Bloodlines
23:06 Castle Age
22:47 Wheelbarrow
21:58 Loom
22:13 Stone Mining
26:30 Forging
27:44 Bow Saw
27:15 Horse Collar
31:06 Gold Mining
37:21 Imperial Age
36:55 Iron Casting
40:53 Blast Furnace
41:36 Husbandry
41:56 Hand Cart
51:54 Scale Barding Armor
51:27 Elite Conquistador
57:19 Light Cavalry
58:25 Chain Barding Armor
58:37 Hussar
PiscoCAPEL777
10:16 Feudal Age
12:12 Horse Collar
21:39 Castle Age
22:26 Thumb Ring
23:13 Crossbowman
24:08 Fletching
24:55 Heavy Plow
29:42 Padded Archer Armor
40:23 Imperial Age
40:48 Bodkin Arrow
42:53 Chemistry
42:14 Ballistics
41:52 Murder Holes
55:51 Bracer
nicovc00
7:05 Loom
14:10 Feudal Age
15:01 Double-Bit Axe
15:53 Bow Saw
23:36 Horse Collar
25:19 Forging
25:15 Scale Barding Armor
29:33 Castle Age
29:09 Heavy Plow
30:13 Gold Mining
29:48 Cavalier
30:30 Husbandry
32:56 Gold Shaft Mining
33:19 Stone Mining
36:12 Two-Man Saw
37:24 Stone Shaft Mining
37:35 Wheelbarrow
39:36 Crop Rotation
42:11 Hand Cart
46:06 Imperial Age
46:05 Ballistics
47:17 Iron Casting
47:03 Chain Barding Armor
48:23 Chemistry
47:07 Paladin
Connection lost

Rejoining the realm…

Still unreachable

The connection could not be restored.

Session expired

The server has moved on; the page needs a fresh start.